AoeStats
← kronospirit

Arabia

509937108Analyzed
1v1 RM · 4d ago on Sep 28, 2026· 70m 17s· 2 players
Game mode
Random Map
Map size
Tiny (2 player)
Population
200
Speed
Normal
Resources
Standard
Victory
Conquest
Starting age
Dark Age
Ending age
Imperial Age
RankedLock teamsTeams togetherTeam positionsShared explorationLock speedFull tech treeHidden civsTurbo modeCheats
Victory
Defeat
🇪🇸 Saracens · Spain
972
+16
🇭🇰 Tatars · Hong Kong SAR China
963
-16
Seaside Jack
4:33 Loom
10:48 Feudal Age
15:32 Fletching
15:48 Double-Bit Axe
16:07 Padded Archer Armor
20:24 Horse Collar
24:30 Castle Age
22:23 Horse Collar
24:04 Wheelbarrow
24:44 Stone Mining
26:13 Bodkin Arrow
26:01 Pikeman
27:24 Leather Archer Armor
27:24 Gold Mining
28:45 Forging
28:41 Elite Skirmisher
33:15 Scale Mail Armor
35:25 Hand Cart
38:45 Gold Shaft Mining
38:57 Iron Casting
38:38 Bow Saw
38:59 Silk Armor
39:02 Husbandry
39:13 Bloodlines
40:02 Town Watch
40:32 Heavy Plow
45:14 Imperial Age
43:25 Scale Barding Armor
43:42 Ballistics
44:12 Squires
45:44 Masonry
47:41 Bracer
48:43 Chemistry
48:15 Ring Archer Armor
47:09 Heavy Cavalry Archer
50:27 Town Patrol
53:22 Halberdier
53:42 Onager
55:17 Crop Rotation
56:12 Blast Furnace
kronospirit
7:06 Loom
10:16 Feudal Age
11:38 Double-Bit Axe
11:45 Horse Collar
13:34 Wheelbarrow
14:03 Fletching
15:33 Town Watch
16:18 Padded Archer Armor
22:42 Castle Age
21:52 Scale Barding Armor
21:43 Gold Mining
22:36 Bloodlines
23:28 Forging
23:38 Bow Saw
23:30 Heavy Plow
24:39 Elite Skirmisher
25:55 Stone Mining
26:49 Town Patrol
29:50 Husbandry
30:36 Hand Cart
31:11 Crossbowman
31:57 Thumb Ring
33:55 Gold Shaft Mining
33:41 Bodkin Arrow
34:07 Chain Barding Armor
40:22 Imperial Age
40:01 Leather Archer Armor
40:36 Heavy Camel Rider
43:09 Conscription
45:23 Bracer
45:59 Plate Barding Armor
47:29 Iron Casting
55:10 Ballistics
55:51 Chemistry
55:02 Masonry
56:06 Ring Archer Armor
56:37 Blast Furnace
Connection lost

Rejoining the realm…

Still unreachable

The connection could not be restored.

Session expired

The server has moved on; the page needs a fresh start.